 Dungeon Crawl Stone Soup version 0.27-a0-223-ge082b6e869 (webtiles) character file.

Game seed: 2408737427523320311

208 rebelwolf the Shield-Bearer (level 5, -2/47 HPs)
             Began as a Gnoll Fighter on Feb 2, 2021.
             Slain by an orc
             ... wielding a +0 hand axe
              (3 damage)
             ... on level 3 of the Dungeon.
             The game lasted 00:04:57 (3131 turns).

rebelwolf the Shield-Bearer (Gnoll Fighter)         Turns: 3131, Time: 00:04:58

Health: -2/47      AC:  7    Str: 16    XL:     5   Next: 86%
Magic:  7/7        EV:  8    Int:  7    God:
Gold:   96         SH: 11    Dex: 12    Spells: 7/7 levels left

rFire    . . .     SeeInvis .   a - +1 trident
rCold    . . .     Faith    .   c - +1 kite shield
rNeg     . . .     Spirit   .   b - +0 scale mail
rPois    .         Reflect  .   (no helmet)
rElec    .         Harm     .   (no cloak)
rCorr    .         Rampage  .   (no gloves)
Will     .....                  (no boots)
Stlth    ..........             (no amulet)
HPRegen  0.15/turn              (no ring)
MPRegen  0.10/turn              (no ring)

@: no status effects
A: distributed training, fangs 1, strong nose
a: no special abilities


You were on level 3 of the Dungeon.
You visited 1 branch of the dungeon, and saw 3 of its levels.

You collected 96 gold pieces.

Inventory:

Hand Weapons
 a - a +1 trident (weapon)
Armour
 b - a +0 scale mail (worn)
 c - a +1 kite shield (worn)
Wands
 h - a wand of polymorph (4)
 i - a wand of flame (10)
Potions
 d - a potion of might
 e - 3 potions of flight
 f - 2 potions of heal wounds
 g - a potion of curing


   Skills:
 + Level 6.7 Fighting
 + Level 1.6 Short Blades
 + Level 1.6 Long Blades
 + Level 1.6 Axes
 + Level 1.6 Maces & Flails
 + Level 4.8 Polearms
 + Level 1.6 Staves
 + Level 1.6 Slings
 + Level 1.6 Bows
 + Level 1.6 Crossbows
 + Level 1.6 Throwing
 + Level 6.7 Armour
 + Level 1.6 Dodging
 + Level 1.6 Stealth
 + Level 6.7 Shields
 + Level 1.6 Unarmed Combat
 + Level 1.6 Spellcasting
 + Level 1.3 Conjurations
 + Level 1.3 Hexes
 + Level 1.3 Summonings
 + Level 1.3 Necromancy
 + Level 1.3 Translocations
 + Level 1.3 Transmutations
 + Level 1.3 Fire Magic
 + Level 1.3 Ice Magic
 + Level 1.3 Air Magic
 + Level 1.3 Earth Magic
 + Level 1.3 Poison Magic
 + Level 1.9 Invocations
 + Level 1.6 Evocations


You had 7 spell levels left.
You didn't know any spells.
Your spell library was empty.

Dungeon Overview and Level Annotations

Branches:
Dungeon (3/15)

Altars:
Kikubaaqudgha


Innate Abilities, Weirdness & Mutations

Your experience applies equally to all skills.
You have very sharp teeth.
Your uncanny sense of smell can sniff out nearby items.


Message History

You block the jackal's attack.
The jackal bites you but does no damage.
You block the orc's attack.
Items here: $ )) ††.
Unknown command.
You completely miss the jackal. You block the orc's attack.
You block the jackal's attack. The orc hits you but does no damage.
The orc hits you with a +0 long sword.
* * * LOW HITPOINT WARNING * * *
You barely miss the jackal. Your bite misses the jackal.
The jackal bites you but does no damage.
You block the jackal's attack. The orc misses you.
The orc hits you with a +0 long sword.
* * * LOW HITPOINT WARNING * * *
Unknown command.
Unknown command.
You puncture the jackal!
You kill the jackal!
The orc hits you with a +0 hand axe.
You die...

#...###........#
#..^'.'........#
#...###........##
####...#...........#
######..................#
#.......................#
#..............).÷......#
#.........†o............#
#.........@.............#
.......).......o.............#
........##...................#
........##.......)#######+####
........##.....####
........######.# ........# #.#
........' ..#


You could see 2 orcs.

Vanquished Creatures
  A hound (D:2)
  An orc priest (D:3)
  Natasha (thrice) (D:3)
  An adder (D:2)
  3 dart slugs
  2 leopard geckos
  2 orcs (D:3)
  4 giant cockroaches
  6 goblins
  6 hobgoblins
  6 jackals
  A quokka (D:3)
  4 bats (D:3)
  4 frilled lizards
  10 kobolds
  4 rats
58 creatures vanquished.

Notes
Turn   | Place    | Note
-------+----------+-------------------------------------------
     0 | D:1      | rebelwolf the Gnoll Fighter began the quest for the Orb.
     0 | D:1      | Reached XP level 1. HP: 23/23 MP: 1/1
   345 | D:1      | Reached XP level 2. HP: 24/29 MP: 2/2
   953 | D:1      | Reached XP level 3. HP: 35/35 MP: 3/3
  1586 | D:2      | Found an ancient bone altar of Kikubaaqudgha.
  1593 | D:2      | Reached skill level 1 in Short Blades
  1593 | D:2      | Reached skill level 1 in Long Blades
  1593 | D:2      | Reached skill level 1 in Axes
  1593 | D:2      | Reached skill level 1 in Maces & Flails
  1593 | D:2      | Reached skill level 1 in Staves
  1593 | D:2      | Reached skill level 1 in Slings
  1593 | D:2      | Reached skill level 1 in Bows
  1593 | D:2      | Reached skill level 1 in Crossbows
  1593 | D:2      | Reached skill level 1 in Throwing
  1593 | D:2      | Reached skill level 1 in Dodging
  1593 | D:2      | Reached skill level 1 in Stealth
  1593 | D:2      | Reached skill level 1 in Unarmed Combat
  1593 | D:2      | Reached skill level 1 in Spellcasting
  1593 | D:2      | Reached skill level 1 in Invocations
  1593 | D:2      | Reached skill level 1 in Evocations
  1593 | D:2      | Reached XP level 4. HP: 36/41 MP: 5/5
  2072 | D:3      | Noticed Natasha
  2081 | D:3      | Killed Natasha
  2082 | D:3      | Reached skill level 1 in Conjurations
  2082 | D:3      | Reached skill level 1 in Hexes
  2082 | D:3      | Reached skill level 1 in Summonings
  2082 | D:3      | Reached skill level 1 in Necromancy
  2082 | D:3      | Reached skill level 1 in Translocations
  2082 | D:3      | Reached skill level 1 in Transmutations
  2082 | D:3      | Reached skill level 1 in Fire Magic
  2082 | D:3      | Reached skill level 1 in Ice Magic
  2082 | D:3      | Reached skill level 1 in Air Magic
  2082 | D:3      | Reached skill level 1 in Earth Magic
  2082 | D:3      | Reached skill level 1 in Poison Magic
  2492 | D:3      | Reached XP level 5. HP: 46/47 MP: 6/6
  2641 | D:3      | Noticed Natasha
  2689 | D:3      | Killed Natasha
  2915 | D:3      | Noticed Natasha
  2926 | D:3      | Killed Natasha
  3129 | D:3      | HP: 1/47 [orc/+0 long sword (3)]
  3131 | D:3      | Slain by an orc

Illustrated notes

Levels and vault maps discovered:
D:1:      dpeg_arrival_three_same_balls, layout_basic
D:2:      layout_loops_ring, lemuel_round_altar, uniq_robin
D:3:      layout_basic, uniq_natasha

Skill      XL: |  1  2  3  4 |
---------------+-------------+-----
Short Blades   | 1 |  1.6
Long Blades    | 1 |  1.6
Axes           | 1 |  1.6
Maces & Flails | 1 |  1.6
Staves         | 1 |  1.6
Slings         | 1 |  1.6
Bows           | 1 |  1.6
Crossbows      | 1 |  1.6
Throwing       | 1 |  1.6
Dodging        | 1 |  1.6
Stealth        | 1 |  1.6
Unarmed Combat | 1 |  1.6
Spellcasting   | 1 |  1.6
Invocations    | 1 |  1.9
Evocations     | 1 |  1.6
Conjurations   | 1 |  1.3
Hexes          | 1 |  1.3
Summonings     | 1 |  1.3
Necromancy     | 1 |  1.3
Translocations | 1 |  1.3
Transmutations | 1 |  1.3
Fire Magic     | 1 |  1.3
Ice Magic      | 1 |  1.3
Air Magic      | 1 |  1.3
Earth Magic    | 1 |  1.3
Poison Magic   | 1 |  1.3
Fighting       | |  6.7
Polearms       | |  4.8
Armour         | |  6.7
Shields        | |  6.7

Action                   |  1- 3 |  4- 6 || total
-------------------------+-------+-------++-------
Melee: Trident           |    75 |   124 ||   199
       Bite              |     5 |    15 ||    20
  Use: Scroll            |     5 |     3 ||     8
       Potion            |       |     4 ||     4
Armor: Scale mail        |    29 |    79 ||   108
Dodge: Dodged            |    18 |    68 ||    86
Block: Kite shield       |    32 |   146 ||   178

Table legend: (Time is in decaauts)
 A = Elapsed time spent in this place.
 B = Non-inter-level travel time spent in this place.
 C = Inter-level travel time spent in this place.
 D = Time resting spent in this place.
 E = Time spent auto-exploring this place.
 F = Levels seen in this place.
 G = Mean time per level.
                   A        B        C        D        E       F      G
               +--------+--------+--------+--------+--------+-----+--------+
         Total |   3170 |   3101 |     69 |    537 |   1799 |   3 | 1056.7 |
       Dungeon |   3170 |   3101 |     69 |    537 |   1799 |   3 | 1056.7 |
               +--------+--------+--------+--------+--------+-----+--------+

Top non-repeatable levels by time:
     D:1: 1340 daAuts
     D:3: 1087 daAuts
     D:2: 743 daAuts
